 Dungeon Crawl Stone Soup version 0.23.0 (webtiles) character file.

Game seed: 14294854615116807449

18 Borgoz the Sneak (level 2, -3/20 HPs)
             Began as a Ghoul Enchanter on Feb 17, 2019.
             Slain by a goblin
             ... wielding a +0 club
             ... led by Robin
              (4 damage)
             ... on level 2 of the Dungeon.
             The game lasted 00:02:38 (1079 turns).

Borgoz the Sneak (Ghoul Enchanter)                  Turns: 1079, Time: 00:02:39

Health: -3/20      AC:  3    Str: 11    XL:     2   Next: 70%
Magic:  3/3        EV: 12    Int: 10    God:
Gold:   49         SH:  0    Dex:  9    Spells: 3/4 levels left

rFire    . . .     SeeInvis .   i - +0 short sword (freeze)
rCold    + . .     Gourm    .   (no shield)
rNeg     + + +     Faith    .   b - +0 robe
rPois    ∞         Spirit   .   (no helmet)
rElec    .         Reflect  .   g - +0 cloak
rCorr    .         Harm     .   (no gloves)
MR       .....                  (no boots)
Stlth    ++........             (no amulet)
HPRegen  0.00/turn              (no ring)
MPRegen  0.08/turn              (no ring)

@: rotting
A: rotting body, claws 1, carnivore, cold resistance 1, negative energy
resistance 3, inhibited regeneration, torment resistance, unbreathing
a: no special abilities


You were on level 2 of the Dungeon.
You were not hungry.

You visited 1 branch of the dungeon, and saw 2 of its levels.

You collected 49 gold pieces.

Inventory:

Hand Weapons
 i - a +0 short sword of freezing (weapon)
Armour
 b - a +0 robe (worn)
 g - a +0 cloak (worn)
Scrolls
 f - a scroll of blinking
 k - a scroll of remove curse
Potions
 c - a potion of flight {unknown}
 j - a potion of haste {unknown}
Comestibles
 d - a ration


   Skills:
 * Level 1.4 Short Blades
 * Level 2.1 Dodging
 + Level 3.3 Stealth
 + Level 1.9 Spellcasting
 + Level 2.5 Hexes


You had 3 spell levels left.
You knew the following spells:

 Your Spells              Type           Power        Failure   Level  Hunger
a - Corona                Hex            #......      11%         1    ##.....

Your spell library contained the following spells:

 Spells                   Type           Power        Failure   Level  Hunger
 Ensorcelled Hibernation  Hex/Ice        #.....       28%         2    ###....
 Confuse                  Hex            #.......     32%         3    ####...
 Tukima's Dance           Hex            #.......     32%         3    ####...
 Dazzling Spray           Conj/Hex       #.....       50%         3    ####...


Dungeon Overview and Level Annotations

Branches:
Dungeon (2/15)

Altars:

Annotations:
D:2 Robin


Innate Abilities, Weirdness & Mutations

Your body is rotting away.
You thrive on raw meat.
You are immune to poison.
You have sharp fingernails.
You are carnivorous and can eat meat at any time.
Your flesh is cold resistant. (rC+)
You are immune to negative energy. (rN+++)
You do not regenerate when monsters are visible.
You are immune to unholy pain and torment.
You can survive without breathing.


Message History

As you read the scroll labeled NUNYOT KUOLL, it crumbles to dust.
You feel blessed for a moment.
It was a scroll of remove curse.
Cornered, Robin turns to fight!
As you read the scroll labeled ESIETOSARE, it crumbles to dust.
It is a scroll of identify.
f - a scroll of blinking The goblin no longer looks unusually strong. x2
Cornered, the goblin turns to fight!
As you read the scroll labeled NUNITT OVIGAAGGI, it crumbles to dust.
You hear a very strange noise indeed.
It was a scroll of random uselessness.
Cornered, the goblin turns to fight!
A bat comes into view.
Robin throws the goblin at you!
You closely miss the goblin. The goblin hits you with a +0 club.
* * * LOW HITPOINT WARNING * * *
Robin roars a battlecry!
The goblins go into a battle-frenzy!
The goblin no longer looks unusually strong.
Cornered, the goblin turns to fight!
The goblin hits you with a +0 club.
You die...

#.#####.# #. #.##.....
#. #....##.# ##.##
#.......# #...#
###.####### #...#
#gg..g....# #...#
#.g..g.##..
#####...######.#.##.#
#......@.g..##g#..#.#
.......g.g..ggg.g.....
#...........##..#.#.#.
#####..b######..g...#.#
#...# ##.#..## #...#
.##<# #g..# .. ...
##.## .## ## #w


You could see Robin, a hobgoblin, 5 goblins and a bat.

Vanquished Creatures
  A giant cockroach (D:1)
  3 goblins (D:1)
  2 hobgoblins (D:1)
  A quokka (D:2)
  7 bats (D:1)
  3 frilled lizards (D:1)
  A kobold (D:1)
18 creatures vanquished.

Notes
Turn   | Place    | Note
-------+----------+-------------------------------------------
     0 | D:1      | Borgoz the Ghoul Enchanter began the quest for the Orb.
     0 | D:1      | Reached XP level 1. HP: 14/14 MP: 2/2
    68 | D:1      | Reached skill level 1 in Short Blades
   319 | D:1      | Reached XP level 2. HP: 20/20 MP: 3/3
  1052 | D:2      | Noticed Robin
  1078 | D:2      | HP: 1/20 [goblin/+0 club[Robin] (1)]
  1079 | D:2      | Slain by a goblin

Skill      XL: |  1 |
---------------+----+-----
Short Blades   | 1 |  1.4
Dodging        | 2 |  2.1
Stealth        | |  3.3
Spellcasting   | |  1.9
Hexes          | |  2.5

Action                   || total
-------------------------++-------
Melee: Dagger            ||    13
       Short sword       ||    33
 Cast: Corona            ||     1
  Use: Scroll            ||     4
 Stab: Sleeping          ||     7
  Eat: Chunk             ||     2
Armor: Robe              ||    30
Dodge: Dodged            ||    39
